 Dungeon Crawl Stone Soup version 0.31-a0-208-gdb31a4691d (webtiles) character file.

Game seed: 13255689932618938538

13402 rikimaru122 the Stickfighter (level 11, -8/81 HPs)
             Began as a Minotaur Fighter on June 1, 2023.
             Was a Plaything of Xom.
             Mangled by a snapping turtle (16 damage)
             ... on level 1 of the Shoals on June 29, 2023.
             The game lasted 01:34:34 (12065 turns).

rikimaru122 the Stickfighter (Minotaur Fighter)    Turns: 12065, Time: 01:34:35

Health: -8/81      AC: 25    Str: 21    XL:     11   Next: 75%
Magic:  0/10       EV:  8    Int:  8    God:    Xom [.*....]
Gold:   567        SH:  0    Dex: 19    Spells: 10/10 levels left

rFire   . . .        h - +6 quarterstaff (chaos)
rCold   x . .        (shield currently unavailable)
rNeg    + . .        p - +1 plate armour
rPois   .            (helmet restricted)
rElec   .            u - +1 cloak
rCorr   .            x - +0 pair of gloves
SInv    .            n - +2 pair of boots
Will    .....        g - amulet of guardian spirit Stlth
                     F - +6 ring of dexterity
HPRegen 0.00/turn    i - ring of positive energy
MPRegen 0.12/turn

%: guardian spirit
@: about to teleport, inhibited regen
A: horns 2, retaliatory headbutt, iridescent scales 1, agile 1, clever 1, frail
2, inhibited regeneration, weak 1, cold vulnerability 1
a: Renounce Religion


You were on level 1 of the Shoals.
You worshipped Xom.
You were a plaything of Xom.
You visited 4 branches of the dungeon, and saw 12 of its levels.

You collected 567 gold pieces.

Inventory:

Hand Weapons
 a - a +2 long sword
 h - a +6 quarterstaff of chaos (weapon)
 j - a +5 trident
 z - a +1 short sword
 B - a +3 scimitar
Armour
 n - a +2 pair of boots (worn)
 p - a +1 plate armour (worn)
 u - a +1 cloak (worn)
 x - a +0 pair of gloves (worn)
 A - a +0 robe
 L - a +0 helmet
Jewellery
 e - a ring of protection from cold
 g - an amulet of guardian spirit (around neck)
 i - a ring of positive energy (right hand)
 r - an amulet of magic regeneration
 v - an amulet of faith
 y - a ring of resist corrosion
 F - a +6 ring of dexterity (left hand)
 G - a ring of protection from fire
 H - a ring of ice
Wands
 b - a wand of polymorph (6)
 c - a wand of iceblast (15)
 f - a wand of flame (29)
 o - a wand of charming (21)
 M - a wand of mindburst (7)
Scrolls
 k - 8 scrolls of identify
 m - 3 scrolls of vulnerability
 q - 4 scrolls of fog
 t - 2 scrolls of teleportation
 D - 4 scrolls of fear
 E - a scroll of amnesia
 I - a scroll of poison
Potions
 d - 2 potions of might
 l - 4 potions of brilliance
 s - 4 potions of curing
 w - a potion of ambrosia
 C - a potion of haste
 J - a potion of heal wounds
 K - a potion of magic {unknown}


   Skills:
 + Level 11.3 Fighting
 + Level 4.6 Long Blades
 + Level 15.0 Staves
 + Level 11.5 Armour
 + Level 2.7 Dodging
 + Level 3.0 Stealth
 + Level 4.7 Shields
 + Level 0.1 Unarmed Combat


You had 10 spell levels left.
You didn't know any spells.
Your spell library contained the following spells:

 Spells                   Type           Power      Damage    Failure   Level
 Kiss of Death            Conj/Necr      0%         2d5       99%         1
 Magic Dart               Conj           0%         1d3       99%         1
 Sting                    Tmut/Pois      0%         1d3       99%         1
 Call Imp                 Summ           0%         N/A       100%        2
 Cigotuvi's Dreadful Rot  Necr/Pois/Air  0%         N/A       100%        2
 Ensorcelled Hibernation  Hex/Ice        0%         N/A       100%        2
 Lesser Beckoning         Tloc           0%         N/A       100%        2
 Sublimation of Blood     Necr           0%         N/A       100%        2
 Wereblood                Tmut           0%         N/A       100%        2
 Call Canine Familiar     Summ           0%         N/A       100%        3
 Confusing Touch          Hex            0%         N/A       100%        3
 Dazzling Flash           Conj/Hex       0%         N/A       100%        3
 Gell's Gravitas          Tloc           0%         N/A       100%        3
 Mephitic Cloud           Conj/Pois/Air  0%         N/A       100%        3
 Spider Form              Tmut/Pois      0%         N/A       100%        3
 Teleport Other           Tloc           0%         N/A       100%        3
 Volatile Blastmotes      Fire/Tloc      0%         2d10      100%        3
 Anguish                  Hex/Necr       0%         N/A       100%        4
 Dispel Undead            Necr           0%         3d6       100%        4
 Iskenderun's Mystic Bla  Conj/Tloc      0%         2d3       100%        4
 Starburst                Conj/Fire      0%         6d3       100%        6
 Haunt                    Necr/Summ      0%         N/A       100%        7
 Monstrous Menagerie      Summ           0%         N/A       100%        7
 Summon Hydra             Summ           0%         N/A       100%        7


Dungeon Overview and Level Annotations

Branches:
Dungeon (8/15)             Temple (1/1) D:4            Lair (2/5) D:8
 Shoals (1/4) Lair:2
  Snake: Lair:2-3    Spider: Lair:2-3

Altars:
Ashenzari
Cheibriados
Dithmenos
Elyvilon
Fedhas
Hepliaklqana
Kikubaaqudgha
Makhleb
Nemelex Xobeh
Qazlal
Ru
Sif Muna
Trog
Uskayaw
Vehumet
Wu Jian
Xom
Yredelemnul
Zin
The Shining One

Shops:
D:5 *[[!   D:6 !


Innate Abilities, Weirdness & Mutations

You have a pair of horns on your head.
You reflexively headbutt those who attack you in melee.
You are partially covered in iridescent scales. (AC +2)
You are agile. (Dex +4, Str/Int -1)
Your mind is acute. (Int +4, Str/Dex -1)
You are very frail. (-20% HP)
You do not regenerate when monsters are visible.
You are weak. (Str -2)
You are vulnerable to cold. (rC-)


Message History

* * * LOW HITPOINT WARNING * * *
You sock the merfolk!
The merfolk suddenly seems more resistant.
The merfolk is severely wounded.
You hit the merfolk. You headbutt the merfolk!
You kill the merfolk!
You start resting.
A snapping turtle comes into view.
A snapping turtle is nearby!
The snapping turtle hisses angrily.
A snapping turtle is nearby!
A snapping turtle is nearby!
A snapping turtle is nearby!
A snapping turtle is nearby!
A snapping turtle is nearby!
A snapping turtle is nearby!
A snapping turtle is nearby!
A snapping turtle is nearby!
The snapping turtle barely misses you. The snapping turtle closely misses you.
The snapping turtle bites you.
* * * LOW HITPOINT WARNING * * *
Unknown command.
You hit the snapping turtle.
Your headbutt misses the snapping turtle.
The snapping turtle is lightly wounded.
You sock the snapping turtle!
The snapping turtle goes berserk!
You headbutt the snapping turtle, but do no damage.
The snapping turtle is lightly wounded.
The snapping turtle bites you but does no damage.
You thump the snapping turtle!
The snapping turtle is moderately wounded.
The snapping turtle bites you!!
* * * LOW HITPOINT WARNING * * *
As you read the scroll of teleportation, it crumbles to dust.
You feel strangely unstable. The snapping turtle barely misses you.
You furiously retaliate!
You headbutt the snapping turtle. The snapping turtle bites you!!
You die...
Xom titters!

##.~~~~~~..~.~~~
.#.~~~~~~~......
~~~~~....~.....
~~~~~.......#
~~..~......#
....~......#
##>...###..# #..~P#
#.t## ##...PP##..@#
#......P)...#
##........### .
##.......## .~.
.P≈PP.....# ### .~..
≈≈≈≈.P....###.###.~..
~~P###.)###..!...~~.
~~. #...##....~~~~. .
##(..m..~~~~~~..


You could see a snapping turtle (berserk).

Vanquished Creatures
  A two-headed ogre (D:8)
  A boulder beetle (Lair:2)
  A fire crab (Lair:1)
  A manticore (Lair:2)
  A torpor snail (Lair:1)
  A cane toad (Lair:1)
  A rime drake (Lair:2)
  6 komodo dragons
  A wind drake (Lair:2)
  3 merfolk (Shoals:1)
  A blink frog (Lair:2)
  Sigmund (D:2)
  2 wyverns
  19 yaks
  A basilisk (Lair:2)
  A redback (D:4)
  A steam dragon (D:7)
  Eustachio (D:5)
  4 water moccasins
  An ice beast (D:7)
  A sky beast (D:7)
  3 ogres (D:5)
  11 wolves
  A centaur (D:7)
  2 phantoms
  2 kobold brigands
  Blork the orc (D:5)
  5 bullfrogs
  2 scorpions
  11 wights
  A howler monkey (D:7)
  4 quasits (D:4)
  3 hounds
  A jelly (D:8)
  3 orc priests
  Crazy Yiuf (D:2)
  2 sleepcaps
  Ijyb (D:3)
  Natasha (thrice) (D:3)
  An iguana (D:6)
  7 orc wizards
  Robin (D:3)
  4 adders
  3 gnolls (D:2)
  5 shadow imps (D:4)
  3 white imps
  3 ufetubi (D:4)
  2 worms
  32 orcs
  9 bats
  10 endoplasms
  3 giant cockroaches
  13 hobgoblins
  2 jackals (D:1)
  4 quokkas
  9 ball pythons
  5 frilled lizards
  15 goblins
  16 kobolds
  4 rats
258 creatures vanquished.

Vanquished Creatures (collateral kills)
  An orc priest (D:6)
  An adder (D:5)
2 creatures vanquished.

Grand Total: 260 creatures vanquished

Notes
Turn   | Place    | Note
-------+----------+-------------------------------------------
     0 | D:1      | rikimaru122 the Minotaur Fighter began the quest for the
                  | Orb.
     0 | D:1      | Reached XP level 1. HP: 19/19 MP: 0/0
   138 | D:1      | Reached XP level 2. HP: 27/27 MP: 1/1
   259 | D:1      | Found a faded altar of an unknown god.
  1054 | D:2      | Noticed Sigmund
  1066 | D:2      | Killed Sigmund
  1067 | D:2      | Reached skill level 1 in Dodging
  1067 | D:2      | Reached XP level 3. HP: 26/35 MP: 2/2
  1067 | D:2      | Reached XP level 4. HP: 31/41 MP: 3/3
  1067 | D:2      | Reached XP level 5. HP: 35/47 MP: 4/4
  1264 | D:2      | Reached skill level 5 in Fighting
  1288 | D:2      | Found a runed translucent door.
  1289 | D:2      | Noticed Crazy Yiuf
  1304 | D:2      | Killed Crazy Yiuf
  1313 | D:2      | HP: 2/48 [poisoned by Crazy Yiuf]
  2180 | D:2      | Reached XP level 6. HP: 9/56 MP: 5/5
  2627 | D:3      | Noticed Natasha
  2638 | D:3      | Killed Natasha
  2639 | D:3      | Reached skill level 1 in Staves
  2845 | D:3      | Noticed Robin
  2867 | D:3      | Killed Robin
  2868 | D:3      | Reached skill level 2 in Staves
  2892 | D:3      | Noticed Natasha
  2903 | D:3      | Killed Natasha
  2904 | D:3      | Reached skill level 5 in Armour
  2985 | D:3      | Noticed Natasha
  3031 | D:3      | Killed Natasha
  3245 | D:3      | Noticed Ijyb
  3254 | D:3      | Killed Ijyb
  3771 | D:3      | Found a faded altar of an unknown god.
  3772 | D:3      | Found a hazy altar of Hepliaklqana.
  3776 | D:3      | Reached skill level 3 in Staves
  3786 | D:3      | Prayed at the altar of an unknown god.
  3786 | D:3      | Became a worshipper of Xom the Capricious
  3879 | D:3      | XOM: silly message
  4107 | D:4      | XOM: divination: magic mapping
  4128 | D:4      | XOM: silly message
  4139 | D:4      | XOM: god gift: potion of curing
  4183 | D:4      | Reached XP level 7. HP: 59/61 MP: 6/6
  4212 | D:4      | Found a staircase to the Ecumenical Temple.
  4228 | Temple   | Entered the Ecumenical Temple
  4432 | Temple   | XOM: silly message
  4491 | Temple   | XOM: noise
  4740 | D:4      | a black bear changed into a redback
  4740 | D:4      | Noticed a redback
  4742 | D:4      | Killed a redback
  4743 | D:4      | Reached skill level 4 in Staves
  4766 | D:4      | XOM: polymorph white imp -> quasit
  4938 | D:4      | Reached skill level 5 in Staves
  5084 | D:5      | Entered Level 5 of the Dungeon
  5090 | D:5      | Found Rarchupo's Armour Shop.
  5092 | D:5      | Found Byezeuc's General Store.
  5093 | D:5      | Found Ovve's Distillery.
  5094 | D:5      | Found Ijerasu's Armour Shop.
  5102 | D:5      | XOM: summons 3 friendly demons
  5104 | D:5      | Reached skill level 6 in Staves
  5104 | D:5      | Upgraded the game from 0.31-a0-121-g1e386dd289 to
                  | 0.31-a0-202-g547052bce9
  5220 | D:5      | Upgraded the game from 0.31-a0-202-g547052bce9 to
                  | 0.31-a0-208-gdb31a4691d
  5266 | D:5      | Reached XP level 8. HP: 70/70 MP: 7/7
  5303 | D:5      | Got the Tome of the Summoned Spider
  5336 | D:5      | Noticed Eustachio
  5347 | D:5      | Killed Eustachio
  5348 | D:5      | Reached skill level 7 in Staves
  5569 | D:5      | Noticed Blork the orc
  5569 | D:5      | XOM: swap monsters
  5578 | D:5      | Killed Blork the orc
  5588 | D:5      | XOM: noise
  5593 | D:5      | Reached skill level 8 in Staves
  6053 | D:5      | XOM: 4-stop teleportation journey
  6336 | D:6      | XOM: summons friendly white imp
  6554 | D:6      | Reached skill level 9 in Staves
  6557 | D:6      | XOM: divination: magic mapping
  6791 | D:6      | Found Oliffobu's Distillery.
  6911 | D:6      | XOM: scenery: summon butterflies
  6928 | D:6      | Reached XP level 9. HP: 78/78 MP: 8/8
  7566 | D:6      | XOM: cloud trail
  7716 | D:7      | Reached skill level 10 in Staves
  7803 | D:7      | Found a sand-covered staircase.
  8123 | D:7      | XOM: god gift: wand of charming (4)
  8498 | D:7      | XOM: scenery: 1 doors close
  8622 | D:8      | Noticed a two-headed ogre
  8627 | D:8      | Reached skill level 11 in Staves
  8629 | D:8      | XOM: enchant monster (good)
  8636 | D:8      | Killed a two-headed ogre
  8637 | D:8      | Reached XP level 10. HP: 67/88 MP: 6/9
  8649 | D:8      | XOM: cleaving
  8660 | D:8      | XOM: chaos upgrade
  8662 | D:8      | Reached skill level 12 in Staves
  8662 | D:8      | Reached skill level 1 in Stealth
  8673 | D:8      | XOM: 1-stop teleportation journey
  8805 | D:8      | Found a shadowy altar of Dithmenos.
  8833 | D:8      | Found an ornate altar of the Wu Jian Council.
  8958 | D:8      | Found a staircase to the Lair.
  8982 | D:8      | XOM: torment (55/90 hp)
  9079 | D:8      | XOM: scenery: summon butterflies
  9259 | D:8      | XOM: noise
  9415 | Lair:1   | Entered Level 1 of the Lair of Beasts
  9446 | Lair:1   | XOM: confuse monster(s)
  9447 | Lair:1   | XOM: confusion
  9456 | Lair:1   | Reached skill level 13 in Staves
  9490 | Lair:1   | XOM: summons 6 hostile demons
  9527 | Lair:1   | XOM: blink monster(s)
  9695 | Lair:1   | XOM: give mutations
  9695 | Lair:1   | Gained mutation: You are partially covered in iridescent
                  | scales. (AC +2) [Xom's mischief]
  9695 | Lair:1   | Gained mutation: You are frail. (-10% HP) [Xom's mischief]
  9769 | Lair:1   | XOM: smoke on damage
  9874 | Lair:1   | XOM: draining
  9912 | Lair:1   | XOM: give mutations
  9912 | Lair:1   | Gained mutation: You are vulnerable to cold. (rC-) [Xom's
                  | mischief]
  9912 | Lair:1   | Gained mutation: Your flesh is heat resistant. (rF+) [Xom's
                  | mischief]
  9958 | Lair:1   | Reached skill level 14 in Staves
  9958 | Lair:1   | Reached XP level 11. HP: 67/85 MP: 8/10
  9971 | Lair:1   | Reached skill level 10 in Armour
 10079 | Lair:1   | Reached skill level 10 in Fighting
 10272 | Lair:1   | a komodo dragon changed into a fire crab
 10272 | Lair:1   | Noticed a fire crab
 10272 | Lair:1   | XOM: polymorph komodo dragon -> fire crab
 10286 | Lair:1   | Killed a fire crab
 10400 | Lair:1   | XOM: give mutation
 10400 | Lair:1   | Gained mutation: You are agile. (Dex +4, Str/Int -1) [Xom's
                  | mischief]
 10611 | Lair:2   | XOM: summons 2 hostile demons
 10783 | Lair:2   | XOM: swap monsters
 10797 | Lair:2   | XOM: noise
 10826 | Lair:2   | XOM: give mutations
 10826 | Lair:2   | Gained mutation: You are very frail. (-20% HP) [Xom's
                  | mischief]
 10826 | Lair:2   | Lost mutation: Your flesh is heat resistant. (rF+) [Xom's
                  | mischief]
 10826 | Lair:2   | Gained mutation: Your mind is acute. (Int +4, Str/Dex -1)
                  | [Xom's mischief]
 10846 | Lair:2   | XOM: 2-stop teleportation journey
 11052 | Lair:2   | XOM: summons 2 hostile demons
 11088 | Lair:2   | XOM: swap monsters
 11256 | Lair:2   | XOM: divination: magic mapping
 11368 | Lair:2   | Found a staircase to the Shoals.
 11776 | Lair:2   | XOM: cloud trail
 11793 | Lair:2   | Noticed a boulder beetle
 11817 | Lair:2   | XOM: confuse monster(s)
 11823 | Lair:2   | Killed a boulder beetle
 11967 | Shoals:1 | Entered Level 1 of the Shoals
 11968 | Shoals:1 | XOM: enchant monster (bad)
 11986 | Shoals:1 | XOM: confusion (+ monsters)
 11999 | Shoals:1 | XOM: give mutations
 11999 | Shoals:1 | Gained mutation: You are weak. (Str -2) [Xom's mischief]
 11999 | Shoals:1 | Gained mutation: You do not regenerate when monsters are
                  | visible. [Xom's mischief]
 12006 | Shoals:1 | XOM: silly message
 12011 | Shoals:1 | Reached skill level 15 in Staves
 12026 | Shoals:1 | XOM: silly message
 12065 | Shoals:1 | Mangled by a snapping turtle

Illustrated notes

Levels and vault maps discovered:
D:1:      dpeg_arrival_tiny_k, layout_rooms, ebering_ecumenical_altar_rust
D:2:      layout_loops_ring, minmay_fountain_box, guppyfry_early_lair_pool,
          uniq_crazy_yiuf_cottage, uniq_sigmund
D:3:      layout_basic, beargit_hepliaklqana_dungeon_heroes, minmay_pentangle,
          uniq_natasha, uniq_ijyb, uniq_robin
D:4:      layout_loops_cross, minmay_temple_entry_trees, serial_demonic,
          serial_demonic_e, serial_demonic_e, serial_demonic_e,
          serial_demonic_a, serial_demonic_b, serial_demonic_d, serial_demonic_d
D:5:      layout_basic, serial_bayou_pond_c, minmay_shop_grid_forest,
          chequers_serial_rivers_room_b, interstate_on_off,
          kennysheep_cluttered_room, uniq_eustachio, uniq_blork_the_orc
D:6:      corexii_shack_village, layout_layer_cave, serial_shops, shop,
          grunt_decor_one_mirror
D:7:      layout_basic, nicolae_ossuary_entry_false_entrances
D:8:      layout_basic, pdpol_wu_jian_five_deadly_venoms,
          nicolae_dithmenos_the_darkroom, minmay_lair_entry_grove
Temple:   minmay_crystal_spiral_temple
Lair:1:   layout_regular_city, minivault_11, st_stairs_10
Lair:2:   layout_regular_city, minmay_shoals_entry_beasts
Shoals:1: layout_shoals, serial_shops, nicolae_shop_gibbet_a_chance

Skill      XL: |  1  2  3  4  5  6  7  8  9 10 11 |
---------------+----------------------------------+-----
Fighting       | 4 5 6 8 9 11 | 11.3
Long Blades    | 4 |  4.6
Armour         | 4 5 6 7 9 11 | 11.5
Dodging        | 1 2 |  2.7
Shields        | 4 |  4.7
Staves         | 3 6 9 11 14 15 | 15.0
Stealth        | 2 3 |  3.0
Unarmed Combat | |  0.1

Action                     |  1- 3 |  4- 6 |  7- 9 | 10-12 || total
---------------------------+-------+-------+-------+-------++-------
  Melee: Long sword        |    51 |    20 |       |       ||    71
         Headbutt          |     2 |    11 |    39 |    62 ||   114
         Quarterstaff      |       |   116 |   246 |   267 ||   629
         Unarmed           |       |     4 |       |       ||     4
  Evoke: Wand              |       |     1 |       |       ||     1
    Use: Potion            |     5 |     5 |       |     3 ||    13
         Scroll            |     4 |     6 |     2 |     6 ||    18
   Stab: Paralysed         |       |     1 |       |       ||     1
         Confused          |       |       |     1 |     4 ||     5
         Petrified         |       |       |       |     2 ||     2
 Armour: Scale mail        |    34 |    10 |       |       ||    44
         Plate armour      |       |    84 |   130 |   140 ||   354
         Skin              |       |     2 |       |       ||     2
  Dodge: Dodged            |    28 |    62 |    70 |    94 ||   254
  Block: Buckler           |     8 |     2 |       |       ||    10

Table legend: (Time is in decaauts)
 A = Elapsed time spent in this place.
 B = Non-inter-level travel time spent in this place.
 C = Inter-level travel time spent in this place.
 D = Time resting spent in this place.
 E = Time spent auto-exploring this place.
 F = Levels seen in this place.
 G = Mean time per level.
                   A        B        C        D        E       F      G
               +--------+--------+--------+--------+--------+-----+--------+
         Total |  11990 |  11878 |    112 |   1268 |   6817 |  12 |  999.2 |
       Dungeon |   9040 |   8928 |    112 |    876 |   5140 |   8 | 1130.0 |
        Temple |    376 |    376 |      0 |    180 |      8 |   1 |  376.0 |
          Lair |   2480 |   2480 |      0 |    169 |   1669 |   2 | 1240.0 |
        Shoals |     93 |     93 |      0 |     43 |      0 |   1 |   93.0 |
               +--------+--------+--------+--------+--------+-----+--------+

Top non-repeatable levels by time:
     D:2: 1550 daAuts
     D:3: 1454 daAuts
     D:6: 1385 daAuts
  Lair:2: 1339 daAuts
     D:5: 1234 daAuts
  Lair:1: 1141 daAuts
     D:1: 1041 daAuts
     D:7: 896 daAuts
     D:8: 776 daAuts
     D:4: 701 daAuts
  Temple: 376 daAuts
Shoals:1: 93 daAuts
